 Dungeon Crawl Stone Soup version 0.25.1-2-g60ff931df9 (webtiles) character file.

Game seed: 10375688213624745784

20 Asdor the Skirmisher (level 2, -3/24 HPs)
             Began as a Demonspawn Abyssal Knight on Oct 16, 2020.
             Was a Follower of Lugonu.
             Slain by a gnoll
             ... wielding a +0 spear
              (7 damage)
             ... on level 1 of the Dungeon.
             The game lasted 00:04:14 (628 turns).

Asdor the Skirmisher (Demonspawn Abyssal Knight)     Turns: 628, Time: 00:04:15

Health: -3/24      AC:  3    Str: 12    XL:     2   Next: 58%
Magic:  3/3        EV: 11    Int: 13    God:    Lugonu [*.....]
Gold:   72         SH:  0    Dex: 12    Spells: 1/1 levels left

rFire    . . .     SeeInvis .   f - +1 long sword (drain)
rCold    + . .     Gourm    .   (no shield)
rNeg     . . .     Faith    .   b - +0 leather armour
rPois    .         Spirit   .   (no helmet)
rElec    .         Reflect  .   (no cloak)
rCorr    .         Harm     .   (no gloves)
MR       .....                  (no boots)
Stlth    +.........             (no amulet)
HPRegen  0.08/turn              i - ring of flight
MPRegen  0.08/turn              (no ring)

@: no status effects
A: cold resistance 1
a: Depart the Abyss, Renounce Religion, Evoke Flight


You were on level 1 of the Dungeon.
You worshipped Lugonu.
Lugonu was aware of your devotion.
You were not hungry.

You visited 1 branch of the dungeon, and saw 1 of its levels.
You visited the Abyss 1 time.

You collected 72 gold pieces.

Inventory:

Hand Weapons
 a - a +1 spear
 f - a +1 long sword of draining (weapon)
Missiles
 k - a throwing net (quivered)
Armour
 b - a +0 leather armour (worn)
Magical Staves
 e - an uncursed staff of conjuration
Jewellery
 i - a ring of flight (left hand)
Scrolls
 j - a scroll of enchant weapon {unknown}
 l - a scroll of magic mapping {unknown}
 m - 2 scrolls of identify {unknown}
Potions
 d - a potion of haste {unknown}
 h - a potion of cancellation {unknown}
 n - a potion of might {unknown}
 o - a potion of curing {unknown}
Comestibles
 c - 2 rations
 g - 3 chunks of flesh


   Skills:
 + Level 3.2 Fighting
 + Level 0.7 Long Blades
 - Level 1.8 Polearms
 + Level 2.1 Armour
 + Level 1.3 Dodging
 - Level 2.4 Invocations


You had one spell level left.
You didn't know any spells.
Your spell library was empty.

Dungeon Overview and Level Annotations

Branches:
Dungeon (1/15)

Altars:


Innate Abilities, Weirdness & Mutations

Your flesh is cold resistant. (rC+)


Message History

The bat hits you.
* * * LOW HITPOINT WARNING * * *
The bat hits you but does no damage. The bat barely misses you.
The leopard gecko barely misses you. The bat hits you but does no damage.
The bat closely misses you. The bat closely misses you.
The bat hits you but does no damage. The leopard gecko closely misses you.
The bat hits you.
* * * LOW HITPOINT WARNING * * *
The bat closely misses you.
You riposte.
You hit the bat. You drain the bat.
You kill the bat!
Lugonu accepts your kill.
You see here a ring mail.
You hit the leopard gecko.
The leopard gecko is lightly wounded.
The leopard gecko misses you. The leopard gecko bites you.
* * * LOW HITPOINT WARNING * * *
The gnoll hits you from afar with a +0 spear!
You die...

...#... ###...............#
.....# #.................##
....######....###..######...#
..............##..#### #...
............)........### #.##
.............#...###...# #.##
##.###########÷..# ###.###..#####
##.########....#.# #...........
#.......[......#@# ###..........
.....######....#l####..........(.
.###.............g.g...........(.
..##..........#...†..............
.....########.#..................
..#### #.................... ..#
###...÷.............. ..#
#........#..)...... .##
#........##########


You could see a gnoll and a leopard gecko.

Vanquished Creatures
  5 bats (D:1)
  3 giant cockroaches (D:1)
  4 goblins (D:1)
  2 hobgoblins (D:1)
  A kobold (D:1)
  2 rats (D:1)
17 creatures vanquished.

Notes
Turn   | Place    | Note
-------+----------+-------------------------------------------
     0 | Abyss:1  | Asdor the Demonspawn Abyssal Knight began the quest for the
                  | Orb.
     0 | Abyss:1  | Reached XP level 1. HP: 18/18 MP: 2/2
     2 | Abyss:1  | Found a corrupted altar of Lugonu.
     4 | Abyss:1  | Found an iron altar of Okawaru.
    20 | Abyss:2  | Found a corrupted altar of Lugonu.
    47 | D:1      | Escaped the Abyss
   277 | D:1      | Reached skill level 1 in Dodging
   374 | D:1      | Reached * piety under Lugonu
   443 | D:1      | Gained mutation: Your flesh is cold resistant. (rC+)
                  | [demonic ancestry]
   443 | D:1      | Reached XP level 2. HP: 23/24 MP: 3/3
   628 | D:1      | Slain by a gnoll

Illustrated notes

Levels and vault maps discovered:
D:1:      dpeg_arrival_pits, layout_rooms

Skill      XL: |  1 |
---------------+----+-----
Dodging        | 1 |  1.3
Armour         | 2 |  2.1
Fighting       | |  3.2
Long Blades    | |  0.7
Polearms       | |  1.8
Invocations    | |  2.4

Action                   || total
-------------------------++-------
Melee: Long sword        ||    34
       Spear             ||     3
Invok: Depart the Abyss  ||     1
Armor: Leather armour    ||    21
Dodge: Dodged            ||    54
       Rpst.: Long sword ||    13
